 Dungeon Crawl Stone Soup version 0.26.1-2-gb8aa6d0cf2 (webtiles) character file.

Game seed: 16633374397630072468

5687 zcampers the Cleaver (level 10, -2/139 HPs)
             Began as a Minotaur Berserker on Feb 15, 2021.
             Was a Priest of Trog.
             Slain by an orc knight
             ... wielding a +0 war axe
              (18 damage)
             ... in a bailey.
             The game lasted 00:15:20 (8779 turns).

zcampers the Cleaver (Minotaur Berserker)           Turns: 8779, Time: 00:15:20

Health: -2/139     AC: 11    Str: 28 (29) XL:     10   Next: 47%
Magic:  9/9        EV: 12    Int:  7      God:    Trog [***...]
Gold:   438        SH:  5    Dex:  8 (9)  Spells: 9/9 levels left

rFire    + + .     SeeInvis .   d - +2 whip (elec)
rCold    + . .     Faith    +   p - +1 buckler
rNeg     . . .     Spirit   .   A - +0 chain mail "Lyukhlirie" {rPois rF+} (curse)
rPois    +         Reflect  .   (helmet restricted)
rElec    .         Harm     .   g - scarf {rC+ rF+}
rCorr    .         Rampage  .   (no gloves)
Will     ++...                  (no boots)
Stlth    ..........             j - amulet of faith
HPRegen  1.33/turn              q - +6 ring of strength
MPRegen  0.11/turn              (no ring)

@: berserking, regenerating, very quick
A: retaliatory headbutt, horns 2
a: Renounce Religion, Berserk, Trog's Hand


You were in a bailey.
You worshipped Trog.
Trog was most pleased with you.
You visited 1 branch of the dungeon, and saw 9 of its levels.
You also visited: Ossuary and Bailey.

You collected 582 gold pieces.
You spent 144 gold pieces at shops.

Inventory:

Hand Weapons
 a - a +0 hand axe
 d - a +2 whip of electrocution (weapon)
Missiles
 f - 18 poisoned darts (quivered)
Armour
 g - a scarf of resistance (worn)
 p - a +1 buckler (worn)
 w - the +0 scale mail "Titzekhlyw" {rElec rF+}
   (You found it on level 6 of the Dungeon)

   It protects you from fire.
   It insulates you from electricity.
 A - the cursed +0 chain mail "Lyukhlirie" (worn) {rPois rF+}
   (You found it on level 8 of the Dungeon)

   It protects you from fire.
   It protects you from poison.
   It has a curse placed upon it.
Jewellery
 j - an amulet of faith (around neck)
 q - a +6 ring of strength (left hand)
Wands
 h - a wand of paralysis (21)
 n - a wand of flame (31)
 o - a wand of acid (6)
 s - a wand of digging (3)
 t - a wand of disintegration (12)
 u - a wand of iceblast (9)
 x - a wand of polymorph (34)
Scrolls
 c - 3 scrolls of enchant weapon
 e - 6 scrolls of identify
 k - 3 scrolls of blinking
 l - 2 scrolls of enchant armour
 r - 9 scrolls of remove curse
 y - a scroll of fear
Potions
 i - 3 potions of curing
 m - 3 potions of haste
 v - 2 potions of attraction
 z - a potion of berserk rage
 B - 2 potions of might


   Skills:
 + Level 10.3 Fighting
 + Level 10.3(11.0) Axes
 + Level 1.9(6.8) Maces & Flails
 - Level 5.8(8.9) Polearms
 + Level 9.8 Armour
 + Level 9.1 Dodging
 - Level 4.0 Shields


You had 9 spell levels left.
You didn't know any spells.
Your spell library was empty.

Dungeon Overview and Level Annotations

Branches:
Dungeon (9/15)             Temple (0/1) D:4         Ossuary (visited)
 Bailey (1/1)
   Lair: D:8-11         Orc: D:9-12

Altars:
Cheibriados
Hepliaklqana
Makhleb
Nemelex Xobeh
Qazlal
Ru
Sif Muna
Trog
Wu Jian
Zin

Shops:
D:7 [


Innate Abilities, Weirdness & Mutations

You reflexively headbutt those who attack you in melee.
You have a pair of horns on your head.


Message History

Really walk into that cloud of seething chaos? [Y]es or [N]o only, please.
Really walk into that cloud of seething chaos?
Okay, then.
Okay, then.
Your skin crawls.
You feel strong-willed.
The orc knight shouts!
The orc knight hits you with a +0 war axe.
* * * LOW HITPOINT WARNING * * *
The orc knight hits you with a +0 war axe!
* * * LOW HITPOINT WARNING * * *
The orc knight roars a battlecry!
The orc knight goes into a battle-frenzy!
The orc knight hits you with a +0 war axe.
* * * LOW HITPOINT WARNING * * *
A red film seems to cover your vision as you go berserk!
You feel yourself moving faster!
You feel mighty!
The orc knight hits you with a +0 war axe!!
You die...

8.8.8.# #≈≈≈≈≈#
g.o44.######≈≈≈≈≈#
.)#oo....#.≈≈≈≈≈≈#
..#......#.≈≈≈≈≈.######
..#####''#.≈≈≈≈≈......#
..##.....#.≈≈≈≈≈......###
..##.....'..............#
..##..⌠.)).......o..∩..∩#
..##....)'...o..@.......#
#....)#.≈≈≈≈≈......###
####++#.≈≈≈≈≈......#
#.≈≈≈≈≈.###### #.≈≈≈≈≈≈#
###≈≈≈≈≈# #≈≈≈≈≈# #≈≈≈≈≈#


You could see 2 orc knights.

Vanquished Creatures
  A two-headed ogre (D:8)
  3 yaks (D:9)
  An acid dragon (D:8)
  2 orc warriors
  3 sky beasts
  2 black bears
  2 eyes of draining (D:4)
  4 ogres
  2 phantoms
  A centaur (D:7)
  A big kobold (D:7)
  2 bullfrogs (D:9)
  2 scorpions
  4 killer bees (D:9)
  3 wights (D:8)
  2 howler monkeys
  A bullfrog zombie (D:7)
  4 hounds
  5 orc priests
  Crazy Yiuf (D:5)
  A jelly (D:6)
  Jessica (D:2)
  3 iguanas
  3 orc wizards (D:7)
  3 worker ants
  A big kobold zombie (Ossuary)
  A hound zombie (D:8)
  A hound skeleton (D:6)
  8 mummies (Ossuary)
  A howler monkey zombie (D:3)
  A howler monkey skeleton (D:6)
  12 gnolls
  8 adders
  A shadow imp (D:7)
  4 white imps
  An ooze (D:9)
  2 ufetubi
  An adder zombie (D:9)
  3 worms
  A dart slug (D:1)
  6 leopard geckos
  19 orcs
  8 bats
  8 giant cockroaches
  11 goblins
  7 hobgoblins
  9 jackals
  3 quokkas
  A ball python (D:1)
  3 frilled lizards
  2 gnoll zombies (Ossuary)
  3 hobgoblin zombies (Ossuary)
  11 kobolds
  A kobold zombie (Ossuary)
  A leopard gecko zombie (D:6)
  An orc zombie (Ossuary)
  6 rats
203 creatures vanquished.

Vanquished Creatures (others)
  An orc (Bailey)
  2 fungi (D:7)
  4 plants (D:7)
7 creatures vanquished.

Grand Total: 210 creatures vanquished

Notes
Turn   | Place    | Note
-------+----------+-------------------------------------------
     0 | D:1      | zcampers the Minotaur Berserker began the quest for the
                  | Orb.
     0 | D:1      | Reached XP level 1. HP: 19/19 MP: 0/0
    62 | D:1      | Reached XP level 2. HP: 20/27 MP: 1/1
   933 | D:2      | Noticed Jessica
   939 | D:2      | Killed Jessica
   940 | D:2      | Reached skill level 1 in Polearms
   940 | D:2      | Reached XP level 3. HP: 33/33 MP: 2/2
  1071 | D:2      | Found a stormy altar of Qazlal.
  1071 | D:2      | Noticed a sky beast
  1075 | D:2      | Noticed an ogre
  1522 | D:2      | Reached ** piety under Trog
  1712 | D:2      | Reached XP level 4. HP: 33/40 MP: 3/3
  2525 | D:3      | Reached XP level 5. HP: 9/47 MP: 4/4
  2805 | D:3      | Found a hazy altar of Hepliaklqana.
  2920 | D:3      | You fall into a shaft and drop 3 floors!
  2933 | D:6      | Noticed an ogre
  2943 | D:6      | Killed an ogre
  3064 | D:6      | Noticed a black bear
  3069 | D:6      | Killed a black bear
  3070 | D:6      | Reached skill level 5 in Fighting
  3070 | D:6      | Reached skill level 5 in Axes
  3070 | D:6      | Reached XP level 6. HP: 44/56 MP: 5/5
  3230 | D:5      | Entered Level 5 of the Dungeon
  3386 | D:4      | Found a staircase to the Ecumenical Temple.
  3407 | D:4      | Killed a sky beast
  3408 | D:4      | Reached XP level 7. HP: 49/61 MP: 6/6
  4163 | D:4      | Found a bloodstained altar of Trog.
  4179 | D:4      | Reached skill level 5 in Armour
  4303 | D:4      | Found a snail-covered altar of Cheibriados.
  4922 | D:5      | Reached *** piety under Trog
  5068 | D:5      | Found a runed translucent door.
  5069 | D:5      | Noticed Crazy Yiuf
  5119 | D:5      | Found an ornate altar of the Wu Jian Council.
  5307 | D:5      | Killed Crazy Yiuf
  5378 | D:6      | Reached skill level 5 in Dodging
  5378 | D:6      | Reached XP level 8. HP: 64/70 MP: 7/7
  5416 | D:6      | Reached skill level 1 in Shields
  5656 | D:6      | Got a glimmering scale mail
  5667 | D:6      | Identified the cursed +0 scale mail "Titzekhlyw" {rElec
                  | rF+} (You found it on level 6 of the Dungeon)
  6348 | D:7      | Found Hyulech's Antique Armour Emporium.
  6404 | D:7      | Found a sand-covered staircase.
  6410 | Ossuary  | Entered an ossuary
  6443 | Ossuary  | Reached skill level 5 in Polearms
  6736 | D:7      | Reached XP level 9. HP: 85/85 MP: 8/8
  6781 | D:7      | Bought an embroidered scarf for 144 gold pieces
  6788 | D:7      | Found a stormy altar of Qazlal.
  7047 | D:7      | Found a sacrificial altar of Ru.
  7065 | D:7      | Found a glowing silver altar of Zin.
  7125 | D:7      | Found a burning altar of Makhleb.
  7283 | D:8      | Found a shimmering blue altar of Sif Muna.
  7606 | D:8      | Found a sparkling altar of Nemelex Xobeh.
  7722 | D:8      | Got a polished chain mail
  7723 | D:8      | Identified the cursed +0 chain mail "Lyukhlirie" {rPois
                  | rF+} (You found it on level 8 of the Dungeon)
  7922 | D:8      | Noticed a two-headed ogre
  7943 | D:8      | Killed a two-headed ogre
  7944 | D:8      | Reached skill level 10 in Fighting
  7944 | D:8      | Reached skill level 10 in Axes
  7944 | D:8      | Reached XP level 10. HP: 93/93 MP: 9/9
  8247 | D:9      | Reached skill level 1 in Maces & Flails
  8263 | D:9      | Reached **** piety under Trog
  8516 | D:9      | Found a sparkling altar of Nemelex Xobeh.
  8564 | D:9      | Found a flagged portal.
  8584 | Bailey   | Entered a bailey
  8730 | Bailey   | Found an iron altar of Okawaru.
  8730 | Bailey   | Noticed an orc knight
  8730 | Bailey   | Noticed an orc sorcerer
  8730 | Bailey   | Noticed an orc sorcerer
  8730 | Bailey   | Paralysed by an orc sorcerer for 7 turns
  8746 | Bailey   | HP: 2/93 [orc knight/+0 war axe (19)]
  8751 | Bailey   | Noticed a rust devil
  8752 | Bailey   | Noticed an orc knight
  8752 | Bailey   | HP: 4/93 [orc sorcerer/+0 war axe (4)]
  8779 | Bailey   | Slain by an orc knight

Illustrated notes

Levels and vault maps discovered:
D:1:      dpeg_arrival_round_b, layout_basic, grunt_decor_junction
D:2:      layout_basic, grunt_qazlal_sundering, uniq_jessica
D:3:      layout_rooms, nzn_hepliaklqana_mist_gate, serial_rivers,
          chequers_serial_rivers_micro_e, chequers_serial_rivers_small_a,
          chequers_serial_rivers_small_b, chequers_serial_rivers_micro_b,
          item_on_display_a
D:4:      layout_basic, trog_eyes_of_draining, nicolae_overflow_hidden_temple,
          minmay_temple_entry_glass
D:5:      layout_rooms, nzn_wu_jian_council_hall, uniq_crazy_yiuf_cottage
D:6:      layout_basic
D:7:      layout_rooms, nicolae_ru_the_path_less_chosen, kennysheep_mini,
          zin_statuary, bloody_makhleb, serial_shops,
          nicolae_shop_overgrown_old_shop, nicolae_ossuary_entry_plus,
          minmay_between
D:8:      layout_cave_pools, lemuel_round_altar, basic_altar
D:9:      kennysheep_orc_sif_temple, layout_gridville, serial_glass,
          glass_columns_a, glass_columns_b, enter_bailey_4,
          hangedman_decor_push, nemelex_dance_club_becter
Bailey:   bailey_axe_of_yendor_kennysheep, bailey

Skill      XL: |  1  2  3  4  5  6  7  8  9 10 |
---------------+-------------------------------+-----
Fighting       | 4 5 6 9 10 | 10.3
Axes           | 4 5 6 9 10 | 10.3
Polearms       | 1 2 3 4 5 |  5.8
Armour         | 3 4 5 9 |  9.8
Dodging        | 3 4 5 8 9 |  9.1
Shields        | 2 3 4 |  4.0
Maces & Flails | 1 |  1.9

Action                   |  1- 3 |  4- 6 |  7- 9 | 10-12 || total
-------------------------+-------+-------+-------+-------++-------
Melee: Hand axe          |    18 |       |       |       ||    18
       Headbutt          |    10 |    16 |    38 |    18 ||    82
       Whip              |    39 |    81 |   218 |   117 ||   455
Throw: Dart              |       |       |     2 |       ||     2
Invok: Berserk           |     2 |     3 |     6 |     3 ||    14
       Trog's Hand       |       |     3 |    13 |     9 ||    25
Evoke: Wand              |       |       |     5 |       ||     5
  Use: Scroll            |     2 |     3 |     9 |     4 ||    18
       Potion            |       |     2 |     8 |     1 ||    11
Armor: Animal skin       |    21 |     4 |       |       ||    25
       Chain mail        |       |    29 |    27 |    71 ||   127
       Scale mail        |       |       |    61 |       ||    61
Dodge: Dodged            |    46 |    41 |   137 |    79 ||   303
Block: Buckler           |       |       |    34 |    37 ||    71
